 Dungeon Crawl Stone Soup version 0.32-a0-520-g344ed53f66 (console) character file.

Game seed: 14585810200385034126

21162 Banquo the Nimble (level 13, -13/86 HPs)
             Began as a Djinni Air Elementalist on Feb 27, 2024.
             Was an Elder of Hepliaklqana.
             Collided with a briar patch (14 damage)
             ... after being knocked back by a swamp worm
             ... on level 2 of the Lair of Beasts.
             The game lasted 01:19:13 (15334 turns).

Banquo the Nimble (Djinni Air Elementalist)        Turns: 15334, Time: 01:19:20

Health: -13/86     AC:  2    Str: 11    XL:     13   Next: 17%
Gold:   707        EV: 16    Int: 26    God:    Hepliaklqana [****..] SH:  0 Dex: 14

rFire   + + .        c - staff of air
rCold   x . .        (no shield)
rNeg    . . .        d - +0 troll leather armour
rPois   ∞            (helmet restricted)
rElec   +            (no cloak)
rCorr   .            (no gloves)
SInv    +            (boots unavailable)
Will    +....        C - amulet of Berreqao {Spirit Int+6 SInv}
Stlth   ++           W - ring of wizardry
HPRegen 1.14/turn    (no ring)
MPRegen 0.00/turn

%: guardian spirit, wizardry (x1), infuse magic (-14 HP)
@: flying
A: reduced essence, sickness immunity, fire resistance 2, cold vulnerability 1,
float, innate caster, HP casting, extra vitality 1, horns 1, deformed body,
strong 1
a: Renounce Religion, Recall Ancestor, Ancestor Identity, Transference, Idealise


You were on level 2 of the Lair of Beasts.
You worshipped Hepliaklqana.
Hepliaklqana was greatly pleased with you.
You visited 3 branches of the dungeon, and saw 13 of its levels.

You collected 830 gold pieces.
You spent 123 gold pieces at shops.

Inventory:

Hand Weapons
 a - a +3 dagger of venom
 i - a +1 dagger of freezing
 l - a +1 antimagic short sword
 E - a +3 trident of protection
Missiles
 f - 108 stones
 y - a throwing net
Armour
 d - a +0 troll leather armour (worn)
 u - a +1 robe of fire resistance
Magical Staves
 b - a staff of cold
 c - a staff of air (weapon)
Jewellery
 C - the amulet of Berreqao (around neck) {Spirit Int+6 SInv}
   (You found it on level 8 of the Dungeon)

   [amulet of guardian spirit]

   Spirit:    It causes incoming damage to be divided between your reserves of
   health and magic.
   Int+6:     It affects your intelligence (+6).
   SInv:      It lets you see invisible.
 W - a ring of wizardry (left hand)
Wands
 v - a wand of paralysis (24)
 w - a wand of iceblast (2)
 B - a wand of quicksilver (7)
 D - a wand of digging (1)
 G - a wand of flame (15)
Scrolls
 e - 7 scrolls of teleportation {unknown}
 h - 2 scrolls of fear
 j - a scroll of noise
 m - 3 scrolls of revelation
 p - a scroll of poison
 r - 2 scrolls of identify
Potions
 g - 2 potions of cancellation
 k - 3 potions of brilliance
 n - 9 potions of curing
 o - a potion of berserk rage
 q - a potion of ambrosia
 s - a potion of might
 x - a potion of heal wounds
 z - a potion of mutation
 F - a potion of invisibility


   Skills:
 * Level 10.0 Fighting
 * Level 7.1 Armour
 * Level 10.1 Dodging
 - Level 1.5 Stealth
 - Level 4.0 Shields
 * Level 9.3 Spellcasting
 * Level 9.3 Conjurations
 * Level 9.3 Hexes
 * Level 9.3 Summonings
 * Level 9.3 Necromancy
 * Level 9.3 Translocations
 * Level 9.3 Fire Magic
 * Level 9.3 Ice Magic
 * Level 9.3 Air Magic
 * Level 9.3 Earth Magic
 * Level 9.3 Alchemy
 * Level 8.9 Invocations


You knew the following spells:

 Your Spells              Type           Power      Damage    Failure   Level
a - Shock                 Conj/Air       100%       1d9       1%          1
b - Ensorcelled Hibernat  Hex/Ice        100%       N/A       1%          2
d - Static Discharge      Conj/Air       100%       3-8/arc   1%          2
e - Sting                 Conj/Alch      100%       1d9       1%          1
f - Cause Fear            Hex            28%        N/A       1%          4
g - Gell's Gravitas       Tloc           57%        N/A       1%          3
i - Alistair's Intoxicat  Alch           38%        N/A       1%          5
v - Borgnjor's Vile Clut  Necr/Erth      28%        N/A       1%          5
z - Airstrike             Air            37%        2d(6-22)  1%          4
M - Swiftness             Air            74%        N/A       1%          3
Your spell library was empty.

Dungeon Overview and Level Annotations

Branches:
Dungeon (10/15)            Temple (1/1) D:4            Lair (2/5) D:10
 Shoals (0/4) Lair:2        Snake (0/4) Lair:2          Orc (0/2) D:10

Altars:
Ashenzari
Cheibriados
Dithmenos
Elyvilon
Fedhas
Gozag
Hepliaklqana
Makhleb
Nemelex Xobeh
Okawaru
Qazlal
Ru
Trog
Uskayaw
Wu Jian
Xom
Yredelemnul
Zin
The Shining One

Shops:
D:4 :   D:6 ?

Portals:
Trove: D:10 (give +8 demon whip)

Annotations:
D:5 diggable gold
Lair:1 3 runed translucent doors, Malificent's ghost, journeyman AtMo
Lair:2 1 transporter


Innate Abilities, Weirdness & Mutations

Your life essence is reduced to manifest your ancestor. (-10% HP)
You are immune to sickness and miasma.
You are immune to poison.
Your flesh is very heat resistant. (rF++)
You are vulnerable to cold. (rC-)
You float through the air rather than walking.
You learn spells naturally, not from books.
Your magical power is your life essence.
You have superior vitality. (+4 MHP)
You have a pair of small horns on your head.
Armour fits poorly on your strangely shaped body.
Your muscles are strong. (Str +4, Int/Dex -1)


Message History

Okkuath hits the swamp worm but does no damage.
Your line of fire to the swamp worm is blocked by a briar patch.
Unknown command.
Casting: Sting (safe; 1% risk of failure)
Confirm with . or Enter, or press ? or * to list all spells.
Aiming: Airstrike (mildly dangerous; 1% risk of failure)
Press: ? - help, Dir - move target, f/p - swamp worm
Aim: a swamp worm (black smoke, heavily wounded, confused, constricted by zombie hands, lightly drained, ally target, empty space bonus: 1/8)
You feel a surge of power!
The air twists around and strikes the swamp worm.
The swamp worm is heavily wounded.
The zombie hands constrict the swamp worm!
The swamp worm struggles to escape constriction.
The swamp worm fires a harpoon shot at you.
The harpoon shot hits you!
You are yanked forward by the harpoon shot.
Okkuath gestures at the swamp worm while chanting.
The swamp worm struggles to resist.
The swamp worm fires a harpoon shot at you.
The harpoon shot hits you!!
* * * LOW HITPOINT WARNING * * *
You are yanked forward by the harpoon shot.
You collide with the briar patch!
The briar patch is moderately damaged.
* * * LOW HITPOINT WARNING * * *
Unknown command.
Blink to where?
Press: ? - help, Dir - move target, p - swamp worm
As you read the scroll of blinking, it crumbles to dust.
The zombie hands constrict the swamp worm!
You kill the swamp worm!
You reach down and open the door.
The swamp worm fires a harpoon shot at you.
The harpoon shot hits you.
* * * LOW HITPOINT WARNING * * *
You are yanked forward by the harpoon shot.
You collide with the briar patch!
The briar patch is severely damaged.
You die...
Hepliaklqana delivers you to your ancestors.

)≈≈≈##........#............#.....
..≈≈##.............P#.#...P......
>.≈§#'........................>..
§.≈§##...........................
≈≈≈###...#########........#+####.
≈≈##.#...#♣#.#♣#w#.....#.......#.
###.....##§R≈#§§≈####..P.......#.
.....#..#PPPP§PPP#!=#............
#......©#©^^^^^^@'$©#©.[.......#.
........#P.PPP○PP#?[#..........P.
........##§≈≈§#≈≈####..........P.
.........##w#♣#w##.....#.......P.
.#.P#....#########.....###...P...
.#...#...........................
[................................
.....#...........................
.....#.......#.###..#..##..#.P...


You could see the friendly Okkuath the hexer and 3 swamp worms.

Vanquished Creatures
  A catoblepas (Lair:2)
  A boulder beetle (Lair:1)
  A two-headed ogre (D:7)
  A deep elf pyromancer (D:7)
  A salamander (Lair:2)
  2 manticores (Lair:2)
  A black mamba (Lair:1)
  3 cane toads (Lair:2)
  2 kobold demonologists (D:10)
  Jeremiah (D:8)
  A komodo dragon (Lair:1)
  A rime drake (Lair:2)
  A troll (D:10)
  3 blink frogs (Lair:2)
  Prince Ribbit (D:8)
  A shadow (D:10)
  4 wraiths (D:10)
  4 vampires (D:10)
  2 basilisks (D:10)
  2 wyverns (D:7)
  6 yaks
  A steam dragon (D:8)
  A swamp worm (Lair:2)
  2 vampire mosquitoes (D:10)
  An acid dragon (D:10)
  2 water moccasins (D:6)
  A swamp drake (D:10)
  A black bear (D:6)
  4 orc warriors
  4 ogres
  4 wolves (Lair:2)
  9 centaurs
  A phantom (D:5)
  3 kobold brigands
  3 bullfrogs
  4 scorpions
  8 wights
  2 howler monkeys
  3 electric eels (D:8)
  3 lava snakes (Lair:2)
  3 centaur zombies (D:10)
  A jelly (D:6)
  A quasit (D:8)
  3 hounds
  12 orc priests
  4 sleepcaps
  3 iguanas (D:5)
  6 orc wizards
  7 gnolls
  8 adders
  4 shadow imps
  7 white imps (D:8)
  3 ufetubi (D:8)
  3 dart slugs
  3 ribbon worms (D:4)
  30 orcs
  8 endoplasms
  5 giant cockroaches
  9 goblins
  6 hobgoblins
  2 jackals (D:1)
  19 kobolds
  2 quokkas (D:2)
  5 ball pythons
  3 bats
  2 frilled lizards (D:1)
  3 rats (D:1)
259 creatures vanquished.

Vanquished Creatures (collateral kills)
  A two-headed ogre (D:9)
  Joseph (D:9)
  A black mamba (Lair:1)
  An unseen horror (D:10)
  2 unseen horror zombies (D:10)
  2 trolls (D:10)
  A polar bear (Lair:2)
  A shadow (D:9)
  A wraith (D:10)
  4 yaks
  A vampire (D:10)
  A wyvern (D:10)
  A vampire mosquito (D:10)
  2 water moccasins
  An ice beast (D:7)
  2 orc warriors
  A black bear (D:6)
  A boggart (D:7)
  A kobold brigand (D:9)
  3 centaurs
  9 bullfrogs
  A scorpion (D:7)
  2 wights
  A killer bee (D:7)
  A howler monkey (D:9)
  A lava snake (Lair:2)
  A centaur zombie (D:10)
  2 orc priests
  A hound (D:7)
  A shadow imp (D:8)
  2 white imps
  An ufetubus (D:8)
  9 orcs
  2 kobolds
63 creatures vanquished.

Vanquished Creatures (others)
  8 hexers
  3 ancestors (D:6)
11 creatures vanquished.

Grand Total: 333 creatures vanquished

Notes
Turn   | Place    | Note
-------+----------+-------------------------------------------
     0 | D:1      | Banquo the Djinni Air Elementalist began the quest for the
                  | Orb.
     0 | D:1      | Banquo set off with the following spells memorised: Shock,
                  | Static Discharge, Swiftness, Airstrike.
     0 | D:1      | Reached XP level 1. HP: 15/15 MP: 0/0
   161 | D:1      | Reached XP level 2. HP: 10/22 MP: 0/0
   162 | D:1      | Reached skill level 1 in Fighting
   452 | D:1      | Reached XP level 3. HP: 26/27 MP: 0/0
   452 | D:1      | Learned a level 1 spell: Sting
  2194 | D:2      | You are sucked into a shaft and drop 2 floors!
  2236 | D:4      | Noticed a scorpion
  2246 | D:4      | Reached XP level 4. HP: 32/34 MP: 0/0
  2268 | D:4      | Killed a scorpion
  2269 | D:4      | Reached XP level 5. HP: 34/40 MP: 0/0
  2269 | D:4      | Learned a level 2 spell: Ensorcelled Hibernation
  2381 | D:4      | Found Emakhoiz's Self-Published Books.
  2451 | D:4      | Noticed an ogre
  2455 | D:4      | Killed an ogre
  2456 | D:4      | Reached XP level 6. HP: 40/47 MP: 0/0
  3018 | D:3      | Found a shadowy altar of Dithmenos.
  3379 | D:3      | Found a hazy altar of Hepliaklqana.
  3386 | D:3      | Became a worshipper of Hepliaklqana the Forgotten
  3550 | D:4      | Noticed an ogre
  3557 | D:4      | Killed an ogre
  3558 | D:4      | Reached skill level 5 in Spellcasting
  3558 | D:4      | Reached skill level 5 in Conjurations
  3558 | D:4      | Reached skill level 5 in Hexes
  3558 | D:4      | Reached skill level 5 in Summonings
  3558 | D:4      | Reached skill level 5 in Necromancy
  3558 | D:4      | Reached skill level 5 in Translocations
  3558 | D:4      | Reached skill level 5 in Fire Magic
  3558 | D:4      | Reached skill level 5 in Ice Magic
  3558 | D:4      | Reached skill level 5 in Air Magic
  3558 | D:4      | Reached skill level 5 in Earth Magic
  3558 | D:4      | Reached skill level 5 in Alchemy
  3558 | D:4      | Reached XP level 7. HP: 39/52 MP: 0/0
  3558 | D:4      | Learned a level 3 spell: Gell's Gravitas
  3559 | D:4      | Reached skill level 1 in Armour
  3559 | D:4      | Reached skill level 1 in Invocations
  3734 | D:4      | Found a staircase to the Ecumenical Temple.
  3743 | Temple   | Entered the Ecumenical Temple
  4406 | D:5      | Entered Level 5 of the Dungeon
  4580 | D:5      | Reached XP level 8. HP: 34/58 MP: 0/0
  5013 | D:5      | Found a white marble altar of Elyvilon.
  5033 | D:5      | Reached skill level 5 in Fighting
  5242 | D:5      | Reached * piety under Hepliaklqana
  5532 | D:5      | Found an opulent altar of Gozag.
  5573 | D:5      | Found a glowing silver altar of Zin.
  5890 | D:6      | Reached XP level 9. HP: 47/58 MP: 0/0
  5890 | D:6      | Learned a level 4 spell: Cause Fear
  6190 | D:6      | Reached skill level 5 in Dodging
  6561 | D:6      | Found Verof's Magic Scroll Shop.
  6564 | D:6      | Bought a scroll of identify for 26 gold pieces
  6564 | D:6      | Bought a scroll of blinking for 97 gold pieces
  6951 | D:7      | Reached ** piety under Hepliaklqana
  6952 | D:7      | Remembered your ancestor Okkuath as a hexer
  7538 | D:7      | Reached XP level 10. HP: 33/65 MP: 0/0
  7882 | D:7      | Reached skill level 5 in Armour
  7882 | D:7      | Reached skill level 5 in Invocations
  7919 | D:7      | Noticed a deep elf pyromancer
  7919 | D:7      | Noticed a two-headed ogre
  8457 | D:7      | Killed a deep elf pyromancer
  8640 | D:7      | Killed a two-headed ogre
  8771 | D:8      | Identified the amulet of Berreqao {Spirit Int+6 SInv}
  8799 | D:8      | Found a transporter.
  9077 | D:8      | Noticed Prince Ribbit
  9081 | D:8      | Killed Prince Ribbit
  9082 | D:8      | Reached XP level 11. HP: 39/71 MP: 0/0
  9082 | D:8      | Learned a level 5 spell: Borgnjor's Vile Clutch
  9122 | D:8      | Noticed Jeremiah
  9142 | D:8      | Gained mutation: Your muscles are strong. (Str +4, Int/Dex
                  | -1) [potion of mutation]
  9142 | D:8      | Gained mutation: Armour fits poorly on your strangely
                  | shaped body. [potion of mutation]
  9142 | D:8      | Gained mutation: You have a pair of small horns on your
                  | head. [potion of mutation]
  9370 | D:8      | Found a transporter.
  9633 | D:8      | Killed Jeremiah
  9706 | D:8      | Reached *** piety under Hepliaklqana
  9715 | D:8      | Found a transporter.
  9721 | D:8      | Found a transporter.
 10102 | D:9      | Found a snail-covered altar of Cheibriados.
 10345 | D:9      | Noticed a two-headed ogre
 10483 | D:9      | Reached skill level 1 in Shields
 10677 | D:9      | Noticed Joseph
 10840 | D:9      | Killed Joseph
 10904 | D:9      | Killed a two-headed ogre
 11092 | D:10     | Entered Level 10 of the Dungeon
 11156 | D:10     | Identified a scroll of acquirement
 11311 | D:10     | Acquired a staff of air
 11444 | D:10     | Found a portal to a secret trove of treasure.
 11781 | D:10     | Reached **** piety under Hepliaklqana
 11834 | D:10     | Reached XP level 12. HP: 56/79 MP: 0/0
 11851 | D:10     | Found a staircase to the Orcish Mines.
 12109 | D:10     | Found a staircase to the Lair.
 12721 | D:10     | Found a staircase to the Orcish Mines.
 12943 | D:10     | Found a portal to a secret trove of treasure.
 13123 | D:10     | Found a staircase to the Lair.
 13387 | Lair:1   | Entered Level 1 of the Lair of Beasts
 13424 | Lair:1   | Found a blossoming altar of Fedhas.
 13801 | Lair:1   | Noticed a fire crab
 13801 | Lair:1   | Noticed Malificent's ghost (journeyman AtMo)
 13809 | Lair:1   | Found a runed translucent gate.
 13809 | Lair:1   | Found a runed translucent gate.
 13880 | Lair:1   | Found a runed translucent gate.
 14084 | Lair:1   | Noticed a boulder beetle
 14094 | Lair:1   | Killed a boulder beetle
 14427 | Lair:2   | Found a staircase to the Snake Pit.
 14648 | Lair:2   | Noticed a catoblepas
 14657 | Lair:2   | Killed a catoblepas
 14714 | Lair:2   | Reached XP level 13. HP: 86/86 MP: 0/0
 14714 | Lair:2   | Learned a level 5 spell: Alistair's Intoxication
 14769 | Lair:2   | Found a transporter.
 14769 | Lair:2   | Found the +2 cloak of the Thief {*Fog Slay-2 SInv Stlth+}
 14790 | Lair:2   | Found a transporter.
 14866 | Lair:2   | Found a staircase to the Shoals.
 14933 | Lair:2   | Reached skill level 10 in Dodging
 15028 | Lair:2   | Reached skill level 10 in Fighting
 15332 | Lair:2   | HP: 1/86 [briar patch collision (14)]
 15334 | Lair:2   | Collided with a briar patch

Illustrated notes

Levels and vault maps discovered:
D:1:      heliophobic_arrival_glass_houses, layout_rooms, serial_aquarium,
          aquarium_bridge_square [aquarium_subvault_bridge,
          aquarium_subvault_window, aquarium_subvault_bridge,
          aquarium_subvault_bridge], aquarium_bridge_square
          [aquarium_subvault_wall, aquarium_subvault_bridge,
          aquarium_subvault_balcony, aquarium_subvault_balcony],
          aquarium_window_double, aquarium_window_fake, aquarium_window_2,
          aquarium_window_2, aquarium_view_2c, aquarium_pool_five,
          minmay_pentomino_w4
D:2:      layout_basic, basic_altar, serial_corexii_hall,
          corexii_hall_statues_u, corexii_hall_statues_l,
          chequers_hall_statues_y, chequers_hall_statues_wall_a
D:3:      layout_rooms, general_overflow_altar,
          nicolae_hepliaklqana_hippocampus, chequers_serial_rivers_micro_c
D:4:      layout_loops_corners, minmay_temple_entry_junction,
          nicolae_custom_books, st_stairs_9, minmay_between
D:5:      layout_basic, led_sif_pool, elyvilon_altar_3,
          pdpol_temple_overflow_zin_treasury_gozag_greed,
          nicolae_houndstooth_variations
D:6:      layout_basic, serial_shops, nicolae_shop_real_fake_doors,
          amethyst_killhole, minmay_fractal_squares_5
D:7:      nzn_winding_woodlands_three_and_one
          [nzn_winding_woodlands_5x15_longhouse,
          nzn_winding_woodlands_5x15_sawtooth,
          nzn_winding_woodlands_5x15_garden,
          nzn_winding_woodlands_center_lodge], layout_cave_pools,
          kennysheep_pointless_box, grunt_ministairs_8, abandoned_shop
D:8:      layout_basic, enter_bailey_5, serial_demonic, serial_demonic_b,
          serial_demonic_a, serial_demonic_b, serial_demonic_c,
          serial_demonic_f, serial_demonic_a, serial_demonic_a,
          nicolae_transporter_intersection, uniq_jeremiah, uniq_prince_ribbit1
D:9:      layout_loops_ring, amcnicky_altar_gilded, uniq_joseph
D:10:     nicolae_BIG_FREAKIN_CUBE, layout_loops_cross, david_lair_generic,
          erik_orc_1, serial_undead, serial_undead_b, serial_undead_a,
          serial_undead_d, serial_undead_a, serial_undead_a, serial_undead_e,
          enter_trove_2
Temple:   nicolae_temple_superstar
Lair:1:   layout_regular_city, gammafunk_ghost_split, lemuel_centaur_altar
Lair:2:   gammafunk_worm_tunnel, layout_chaotic_city,
          minmay_shoals_entry_beasts, nicolae_snake_entry_warm_welcome

Skill      XL: |  1  2  3  4  5  6  7  8  9 10 11 12 13 |
---------------+----------------------------------------+-----
Fighting       | 1 2 3 4 5 6 7 8 9 10 | 10.0
Spellcasting   | 4 5 6 7 8 9 |  9.3
Conjurations   | 4 5 6 7 8 9 |  9.3
Hexes          | 4 5 6 7 8 9 |  9.3
Summonings     | 4 5 6 7 8 9 |  9.3
Necromancy     | 4 5 6 7 8 9 |  9.3
Translocations | 4 5 6 7 8 9 |  9.3
Fire Magic     | 4 5 6 7 8 9 |  9.3
Ice Magic      | 4 5 6 7 8 9 |  9.3
Air Magic      | 4 5 6 7 8 9 |  9.3
Earth Magic    | 4 5 6 7 8 9 |  9.3
Alchemy        | 4 5 6 7 8 9 |  9.3
Armour         | 1 3 4 6 7 |  7.1
Invocations    | 1 3 4 6 7 8 |  8.9
Dodging        | 3 4 5 7 8 9 10 | 10.1
Shields        | 3 4 |  4.0
Stealth        | |  1.5

Action                     |  1- 3 |  4- 6 |  7- 9 | 10-12 | 13-15 || total
---------------------------+-------+-------+-------+-------+-------++-------
   Cast: Shock             |    69 |    48 |   107 |   153 |     1 ||   378
         Sting             |       |    10 |    23 |    63 |     9 ||   105
         Airstrike         |       |     8 |    63 |   129 |    19 ||   219
         Static Discharge  |       |       |     2 |    11 |       ||    13
         Gell's Gravitas   |       |       |       |     7 |       ||     7
         Borgnjor's Vile C |       |       |       |    22 |     8 ||    30
 Invoke: Recall Ancestor   |       |       |     1 |     6 |       ||     7
         Ancestor Life: He |       |       |     1 |       |       ||     1
         Transference      |       |       |       |     1 |       ||     1
    Use: Scroll            |       |       |     6 |    15 |     2 ||    23
         Potion            |       |       |       |     2 |       ||     2
 Armour: Robe              |     6 |     4 |    12 |    24 |       ||    46
         Troll leather arm |       |       |       |    34 |     9 ||    43
  Dodge: Dodged            |     5 |     4 |    11 |    44 |       ||    64
         Repelled          |       |       |       |     2 |       ||     2

Table legend: (Time is in decaauts)
 A = Elapsed time spent in this place.
 B = Non-inter-level travel time spent in this place.
 C = Inter-level travel time spent in this place.
 D = Time resting spent in this place.
 E = Time spent auto-exploring this place.
 F = Levels seen in this place.
 G = Mean time per level.
                   A        B        C        D        E       F      G
               +--------+--------+--------+--------+--------+-----+--------+
         Total |  15345 |  14078 |   1267 |   2513 |   8125 |  13 | 1180.4 |
       Dungeon |  13395 |  12318 |   1077 |   2458 |   6839 |  10 | 1339.5 |
        Temple |      1 |      1 |      0 |      0 |      0 |   1 |    1.0 |
          Lair |   1948 |   1758 |    190 |     55 |   1286 |   2 |  974.0 |
               +--------+--------+--------+--------+--------+-----+--------+

Top non-repeatable levels by time:
     D:7: 2023 daAuts
    D:10: 1970 daAuts
     D:1: 1551 daAuts
     D:6: 1249 daAuts
     D:8: 1241 daAuts
     D:4: 1215 daAuts
     D:5: 1213 daAuts
     D:9: 1170 daAuts
  Lair:1: 1070 daAuts
     D:2: 1018 daAuts
  Lair:2: 877 daAuts
     D:3: 742 daAuts
  Temple: 1 daAuts
